 Dungeon Crawl Stone Soup version 0.28.0-62-gf88900778d (webtiles) character file.

Game seed: 11601463338819877570

6065 cbfl8 the Cleaver (level 10, 0/69 HPs)
             Began as a Demonspawn Fighter on Sept 3, 2023.
             Was a Follower of Hepliaklqana.
             Slain by an ice beast (2 damage)
             ... summoned by an ice statue
             ... on level 8 of the Dungeon.
             The game lasted 00:17:07 (13732 turns).

cbfl8 the Cleaver (Demonspawn Fighter)             Turns: 13732, Time: 00:17:08

Health: 0/69       AC: 13    Str: 18    XL:     10   Next: 57%
Magic:  10/10      EV:  8    Int: 11    God:    Hepliaklqana [*.....]
Gold:   1185       SH:  6    Dex: 20    Spells: 9/9 levels left

rFire   x . .      SeeInvis .   f - +0 war axe (flame)
rCold   + + .      Faith    .   c - +0 buckler
rNeg    . . .      Spirit   .   h - +0 ice dragon scales
rPois   .          Reflect  .   (helmet restricted)
rElec   .          Harm     .   (no cloak)
rCorr   .          Rampage  .   (no gloves)
Will    .....                   o - +0 pair of boots
Stlth   ..........              (no amulet)
HPRegen 0.21/turn               e - +6 ring of dexterity
MPRegen 0.12/turn               i - ring of wizardry

@: no status effects
A: reduced essence, horns 2, demonic guardian 2, foul stench 3
a: Renounce Religion, Recall Ancestor, Ancestor Identity


You were on level 8 of the Dungeon.
You worshipped Hepliaklqana.
Hepliaklqana was aware of your devotion.
You visited 2 branches of the dungeon, and saw 9 of its levels.
You also visited: Sewer.

You collected 1630 gold pieces.
You spent 445 gold pieces at shops.

Inventory:

Hand Weapons
 f - a +0 war axe of flaming (weapon)
Missiles
 g - 4 boomerangs
 s - 3 boomerangs of dispersal
Armour
 c - a +0 buckler (worn)
 h - +0 ice dragon scales (worn)
 o - a +0 pair of boots (worn)
 q - a +0 plate armour
Jewellery
 e - a +6 ring of dexterity (left hand)
 i - a ring of wizardry (right hand)
Wands
 b - a wand of polymorph (12)
 p - a wand of mindburst (12) (quivered)
Scrolls
 j - 2 scrolls of immolation
 k - a scroll of teleportation
 m - 2 scrolls of enchant weapon
 u - a scroll of noise
 v - a scroll of silence
Potions
 a - 6 potions of flight
 d - 2 potions of might
 l - a potion of lignification
 w - 2 potions of berserk rage


   Skills:
 + Level 6.5 Fighting
 + Level 8.9 Axes
 * Level 3.3 Throwing
 + Level 7.4 Armour
 + Level 4.5 Shields
 * Level 6.7 Evocations


You had 9 spell levels left.
You didn't know any spells.
Your spell library contained the following spells:

 Spells                   Type           Power      Damage    Failure   Level
 Sandblast                Erth           0%         2d4       52%         1
 Blink                    Tloc           0%         N/A       65%         2
 Passwall                 Tmut/Erth      0%         N/A       65%         2
 Sublimation of Blood     Necr           0%         N/A       65%         2
 Lesser Beckoning         Tloc           0%         N/A       86%         3
 Portal Projectile        Hex/Tloc       0%         N/A       86%         3
 Stone Arrow              Conj/Erth      0%         3d7       86%         3
 Airstrike                Air            0%         N/A       99%         4
 Petrify                  Tmut/Erth      0%         N/A       99%         4
 Summon Lightning Spire   Summ/Air       0%         N/A       99%         4
 Blade Hands              Tmut           0%         N/A       100%        5
 Excruciating Wounds      Necr           0%         N/A       100%        5
 Irradiate                Conj/Tmut      0%         3d13      100%        5
 Lightning Bolt           Conj/Air       0%         1d11      100%        5
 Manifold Assault         Tloc           0%         N/A       100%        5


Dungeon Overview and Level Annotations

Branches:
Dungeon (8/15)             Temple (1/1) D:7            Lair (0/6) D:8
  Sewer (visited)

Altars:
Fedhas
Hepliaklqana
Makhleb
Nemelex Xobeh
Okawaru
Wu Jian

Shops:
D:5 **   D:8 [

Portals:
Abyss: D:3

Annotations:
D:3 2 transporters, nerdsy's ghost, amateur GnAM
D:8 exclusion: ice statue


Innate Abilities, Weirdness & Mutations

Your life essence is reduced to manifest your ancestor. (-10% HP)
You have a pair of horns on your head.
A demonic guardian rushes to your aid.
You frequently emit foul miasma when damaged in melee.


Message History

You headbutt the ice statue, but do no damage.
The ice statue is heavily damaged.
You slash the ice beast!
You melt the ice beast.
You completely miss the ice beast.
You are engulfed in freezing vapours.
You resist. The ice statue gestures at you. The freezing blast engulfs you.
You resist.
Valentine is engulfed in freezing vapours.
Valentine hits the ice statue but does no damage.
The ice beast closely misses you. The ice beast completely misses you.
You hit the ice statue but do no damage.
You headbutt the ice statue, but do no damage.
The ice statue is heavily damaged.
You barely miss the ice beast. You hit the ice beast but do no damage.
Valentine is engulfed in freezing vapours.
Valentine hits the ice statue but does no damage.
The ice beast barely misses you.
The ice beast hits you but does no damage.
You hit the ice statue but do no damage.
The ice statue is heavily damaged.
You hit the ice beast but do no damage. You barely miss the ice beast.
The ice statue gestures at you. The bolt of cold hits you! You resist.
* * * LOW HITPOINT WARNING * * *
Valentine is engulfed in freezing vapours.
Valentine hits the ice statue.
The ice beast hits you but does no damage. x2
You hit the ice statue.
You melt the ice statue.
The ice statue is severely damaged.
You hit the ice beast but do no damage. You slash the ice beast!
You melt the ice beast.
The ice statue gestures at you. The shard of ice hits you!
You partially resist.
* * * LOW HITPOINT WARNING * * *
A demonic guardian appears!
Valentine hits the ice statue but does no damage.
You block the ice beast's attack. The ice beast hits you.
* * * LOW HITPOINT WARNING * * *
The ice beast freezes you. You resist.
You die...

###.### #...###...####...###
#####.# #.###..≈###..###≈..###
......# ###.....#......##....##
####..# ##.≈..##..####..##..≈.#
#####.# #...≈##.:## ##..##≈...
....#.# #≈...#..## §##..#...≈
.)..#.# #.≈≈^#8°#..##. #.8#.≈≈.
....#.# #...≈#4Y#≈..⌠. #..#≈...
#'###.# #...≈#@R○≈..>.≈#..#≈...
...##)# #.≈≈.#8Y#§§##..#.8#.≈≈.
#[###.# #≈...#○°##≈..≈##..#...≈
...[#.#####...≈#...##..##..##≈...
....'...[.##.≈..##..####..##..≈.#
....#####..##)...##......##....##
##### ##)..##.^≈###..###...###
##...###...####...###
###...###......###


You could see the friendly Valentine the ancestor, an ice statue (ally target),
2 ice beasts and a friendly rust devil (summoned).

Vanquished Creatures
  A two-headed ogre (D:5)
  Pikel (D:4)
  A deep elf zephyrmancer (D:6)
  A troll (D:8)
  Eustachio (D:6)
  2 water moccasins
  2 orc warriors (D:8)
  A black bear (D:7)
  An ice beast (D:8)
  An ogre (D:7)
  A necrophage (D:6)
  A sky beast (D:6)
  3 centaurs (D:8)
  3 lemures (D:3)
  3 kobold brigands
  4 scorpions
  A bullfrog (D:7)
  A wyvern skeleton (D:7)
  10 killer bees
  9 wights
  A howler monkey (D:8)
  A bullfrog zombie (D:5)
  A centaur zombie (D:7)
  3 hounds
  An orc priest (D:7)
  A gnoll shaman (D:8)
  A jelly (D:8)
  2 centaur skeletons
  2 iguanas (D:5)
  An orc wizard (D:8)
  A merfolk siren (Sewer)
  A merfolk avatar (Sewer)
  A killer bee zombie (D:6)
  2 howler monkey zombies
  A howler monkey skeleton (D:5)
  12 gnolls
  6 adders
  3 river rats (Sewer)
  3 worms
  2 dart slugs
  14 orcs
  10 ball pythons
  6 endoplasms
  4 giant cockroaches
  6 goblins
  9 hobgoblins
  18 kobolds
  5 quokkas
  3 bats (D:1)
  14 frilled lizards
  22 rats
205 creatures vanquished.

Vanquished Creatures (collateral kills)
  A meliai (D:8)
  A yak (D:7)
  2 steam dragons (D:8)
  An acid dragon (D:8)
  A sky beast (D:8)
  An orc warrior (D:8)
  A kobold brigand (D:8)
  A centaur zombie (D:8)
  An orc (D:8)
10 creatures vanquished.

Vanquished Creatures (others)
  An ice beast (D:8)
  2 ancestors (D:8)
  11 plants
14 creatures vanquished.

Grand Total: 229 creatures vanquished

Notes
Turn   | Place    | Note
-------+----------+-------------------------------------------
     0 | D:1      | cbfl8 the Demonspawn Fighter began the quest for the Orb.
     0 | D:1      | Reached XP level 1. HP: 18/18 MP: 1/1
    78 | D:1      | Gained mutation: You have a pair of small horns on your
                  | head. [demonic ancestry]
    78 | D:1      | Reached XP level 2. HP: 20/24 MP: 2/2
   391 | D:1      | Found a faded altar of an unknown god.
   433 | D:1      | Reached skill level 2 in Axes
   563 | D:1      | Reached skill level 1 in Evocations
   687 | D:1      | Reached XP level 3. HP: 29/29 MP: 3/3
  1242 | D:2      | Identified a scroll of acquirement
  1243 | D:2      | Acquired 1197 gold pieces
  1409 | D:3      | Gained mutation: A weak demonic guardian rushes to your
                  | aid. [demonic ancestry]
  1409 | D:3      | Reached XP level 4. HP: 13/35 MP: 4/4
  1951 | D:3      | Found a transporter.
  1958 | D:3      | Found a one-way gate to the infinite horrors of the Abyss.
  1958 | D:3      | Noticed nerdsy's ghost (amateur GnAM)
  1962 | D:3      | Noticed a kobold brigand
  1963 | D:3      | Found a transporter.
  1967 | D:3      | Noticed a small abomination
  2867 | D:4      | Noticed a lemure
  2867 | D:4      | Noticed a lemure
  2868 | D:4      | Noticed a lemure
  2878 | D:3      | Killed a lemure
  3020 | D:3      | Killed a lemure
  3023 | D:3      | Killed a lemure
  3068 | D:4      | Noticed Pikel
  3070 | D:4      | Noticed a lemure
  3079 | D:4      | Killed Pikel
  3080 | D:4      | Reached skill level 4 in Axes
  3080 | D:4      | Gained mutation: You may rarely emit foul miasma when
                  | damaged in melee. [demonic ancestry]
  3080 | D:4      | Reached XP level 5. HP: 28/42 MP: 5/5
  3080 | D:4      | Gained mutation: You sometimes emit foul miasma when
                  | damaged in melee. [demonic ancestry]
  3080 | D:4      | Reached XP level 6. HP: 33/48 MP: 6/6
  3080 | D:4      | Gained mutation: You frequently emit foul miasma when
                  | damaged in melee. [demonic ancestry]
  3080 | D:4      | Reached XP level 7. HP: 37/54 MP: 7/7
  3089 | D:4      | Found a glowing drain.
  3103 | Sewer    | Entered a sewer
  4496 | D:4      | Reached skill level 5 in Axes
  4942 | D:5      | Entered Level 5 of the Dungeon
  5127 | D:5      | Noticed a two-headed ogre
  5596 | D:5      | Found Qumaiwk's Specific Store.
  5599 | D:5      | Found Qofreram's General Store.
  5609 | D:5      | Bought a potion of might for 44 gold pieces
  5609 | D:5      | Bought a wand of paralysis (7) for 99 gold pieces
  5609 | D:5      | Bought a wand of mindburst (14) for 198 gold pieces
  5609 | D:5      | Bought a scroll of summoning for 104 gold pieces
  5964 | D:5      | Killed a two-headed ogre
  5965 | D:5      | Reached skill level 6 in Axes
  5965 | D:5      | Reached skill level 5 in Armour
  5965 | D:5      | Gained mutation: You have a pair of horns on your head.
                  | [demonic ancestry]
  5965 | D:5      | Reached XP level 8. HP: 61/61 MP: 8/8
  6221 | D:6      | Reached skill level 5 in Fighting
  6394 | D:6      | Noticed Eustachio
  6403 | D:6      | Killed Eustachio
  6847 | D:6      | Reached skill level 7 in Axes
  6917 | D:6      | Reached XP level 9. HP: 68/68 MP: 9/9
  7221 | D:6      | Noticed a deep elf zephyrmancer
  7230 | D:6      | Killed a deep elf zephyrmancer
  7231 | D:6      | Reached skill level 5 in Evocations
  8097 | D:7      | Found a staircase to the Ecumenical Temple.
  8162 | Temple   | Entered the Ecumenical Temple
  8388 | Temple   | Became a worshipper of Hepliaklqana the Forgotten
  8493 | D:7      | Reached skill level 1 in Throwing
  8849 | D:7      | Reached skill level 8 in Axes
  9656 | D:8      | Found a staircase to the Lair.
 10692 | D:8      | Gained mutation: A demonic guardian rushes to your aid.
                  | [demonic ancestry]
 10692 | D:8      | Reached XP level 10. HP: 74/76 MP: 10/10
 10835 | D:8      | Found Haokan's Armour Shop.
 11020 | D:8      | Reached * piety under Hepliaklqana
 11836 | D:8      | HP: 3/68 [something/ball of steam (19)]
 13213 | D:8      | Noticed an ice statue
 13732 | D:8      | HP: 2/69 [ice beast[an ice statue] (3)]
 13732 | D:8      | Slain by an ice beast

Illustrated notes

Levels and vault maps discovered:
D:1:      heliophobic_arrival_dark_side_of_the_moon, layout_rooms,
          chequers_ecumenical_altar_simple_redux, minmay_pentomino_z4
D:2:      layout_loops_cross
D:3:      layout_basic, gammafunk_ghost_abyssal_escape, serial_bayou,
          serial_bayou_lagoon_a, serial_bayou_lake_a, serial_bayou_shore_a,
          serial_bayou_crossing, serial_bayou_ford_a,
          chequers_serial_rivers_small_a
D:4:      layout_basic, cheibrodos_sewer_entry_drain, uniq_pikel
D:5:      layout_cave_pods, nicolae_specific_store
D:6:      layout_basic, guppyfry_early_elven_hall, uniq_eustachio
D:7:      layout_loops_ring, minmay_temple_entry_statues,
          chequers_serial_rivers_large_a
D:8:      layout_basic, lair_entry_dummy, serial_shops, nicolae_shop_waterfront,
          grunt_ministairs_4, nicolae_zen_rock_garden,
          hangedman_abyss_or_decor_clamps, nzn_random_ring
Temple:   mainiacjoe_temple_cubbyholes

Skill      XL: |  1  2  3  4  5  6  7  8  9 10 |
---------------+-------------------------------+-----
Axes           | 2 4 6 7 8 |  8.9
Evocations     | 1 3 4 6 |  6.7
Armour         | 3 4 5 6 7 |  7.4
Shields        | 3 4 |  4.5
Fighting       | 4 5 6 |  6.5
Throwing       | 2 3 |  3.3

Action                   |  1- 3 |  4- 6 |  7- 9 | 10-12 || total
-------------------------+-------+-------+-------+-------++-------
Melee: War axe           |    85 |    59 |   334 |    94 ||   572
       Headbutt          |    13 |    14 |    71 |    24 ||   122
Invok: Ancestor Identity |       |       |       |     1 ||     1
Evoke: Wand              |       |       |     7 |     2 ||     9
  Use: Scroll            |     2 |     4 |     6 |     7 ||    19
       Potion            |       |     4 |     1 |     4 ||     9
 Stab: Paralysed         |       |       |    11 |       ||    11
       Distracted        |       |       |       |     1 ||     1
Armor: Scale mail        |    18 |       |       |    25 ||    43
       Ice dragon scales |    21 |    28 |   156 |    35 ||   240
       Chain mail        |       |       |       |     8 ||     8
Dodge: Dodged            |    24 |    24 |   117 |    67 ||   232
Block: Buckler           |    22 |    18 |    95 |    45 ||   180
